 Dungeon Crawl Stone Soup version 0.31-a0-692-gf03d1854d5 (webtiles) character file.

Game seed: 9374280959929186821

42 qw the Shooter (level 3, -1/22 HPs)
             Began as a Gargoyle Hunter on Sept 6, 2023.
             Slain by Sigmund
             ... wielding a +0 scythe
              (8 damage)
             ... on level 2 of the Dungeon.
             The game lasted 00:00:24 (660 turns).

qw the Shooter (Gargoyle Hunter)                     Turns: 660, Time: 00:00:25

Health: -1/22      AC:  6    Str: 14    XL:     3   Next: 56%
Magic:  3/3        EV: 12    Int:  9    God:
Gold:   58         SH:  0    Dex: 21    Spells: 2/2 levels left

rFire   . . .        Y - +0 shortbow
rCold   . . .        (shield currently unavailable)
rNeg    + . .        c - +0 leather armour
rPois   inf          (no helmet)
rElec   +            (no cloak)
rCorr   .            (no gloves)
SInv    .            (no boots)
Will    .....        (no amulet)
Stlth   ++           f - +6 ring of dexterity
HPRegen 0.23/turn    (no ring)
MPRegen 0.08/turn

%: no passive effects
@: no status effects
A: sickness immunity, AC +3, negative energy resistance 1, electricity
resistance, torment resistance 1, petrification resistance
a: no special abilities


You were on level 2 of the Dungeon.
You visited 1 branch of the dungeon, and saw 2 of its levels.

You collected 58 gold pieces.


Innate Abilities, Weirdness & Mutations

You are immune to sickness and miasma.
Your stone body is resilient. (AC +3)
You are immune to poison.
You resist negative energy. (rN+)
You are resistant to electric shocks. (rElec)
You are resistant to unholy torment.
You are immune to petrification.


   Skills:
 + Level 2.5 Fighting
 - Level 5.0 Ranged Weapons
 - Level 1.5 Dodging
 - Level 1.1 Stealth


You had 2 spell levels left.
You didn't know any spells.
Your spell library was empty.

Inventory:

Hand Weapons
 Y - a +0 shortbow (weapon)
Armour
 c - a +0 leather armour (worn)
Jewellery
 f - a +6 ring of dexterity (left hand)
Scrolls
 a - a scroll of enchant armour {unknown}
 d - a scroll of teleportation {unknown}
 g - 2 scrolls of identify {unknown}
Potions
 b - a potion of brilliance {unknown}
 e - a potion of invisibility {unknown}
 h - a potion of curing {unknown}

Dungeon Overview and Level Annotations

Branches:
Dungeon (2/15)

Altars:

Annotations:
D:2 Sigmund


Message History

Sigmund is lightly wounded.
You shoot an arrow. The arrow hits Sigmund.
Sigmund is moderately wounded.
Sigmund casts a spell at you. The puff of flame hits you.
You shoot an arrow. The arrow hits Sigmund!
Sigmund is heavily wounded.
A jackal comes into view.
Sigmund casts a spell at you.
You are confused.
The jackal barks!
You hear a bark!
Sigmund completely misses you.
Sigmund hits you from afar with a +0 scythe!
Sigmund misses you.
A jackal comes into view.
Sigmund hits you from afar with a +0 scythe.
The jackal bites you but does no damage.
You feel less confused. The jackal completely misses you.
Sigmund points at you and mumbles some strange words.
You resist with significant effort. The jackal barely misses you.
You shoot an arrow. The arrow closely misses the jackal.
The jackal bites you. Sigmund barely misses you. The jackal closely misses you.
You shoot an arrow. The arrow hits the jackal.
The jackal is heavily wounded.
The jackal bites you but does no damage.
Sigmund points at you and mumbles some strange words.
You resist with significant effort.
You shoot an arrow. The arrow closely misses the jackal.
The jackal barely misses you. The jackal closely misses you.
Sigmund closely misses you.
The jackal bites you but does no damage.
You shoot an arrow.
The arrow hits the jackal but does no damage.
The jackal is heavily wounded.
The jackal bites you but does no damage. x2
The jackal closely misses you.
Sigmund hits you from afar with a +0 scythe!
You die...
Sigmund begins carving another notch in his scythe.

#......... ####
#......... ....
#.......... #....
......%<.. #....
.......... #.>..
#..@.....# #....
#h......# #....
#@h.....# ####....
#.......###.......
##......... #....
#.......### ##..##
#.........###.)##
#.......#.##..##
##.....##......###
##....###..##..#.
####.##..###....


You could see Sigmund and 2 jackals.

Vanquished Creatures
  2 adders (D:2)
  A dart slug (D:1)
  2 endoplasms (D:1)
  A giant cockroach (D:1)
  2 goblins (D:1)
  A hobgoblin (D:1)
  2 quokkas (D:1)
  2 ball pythons
  4 bats (D:1)
  2 frilled lizards (D:1)
  A kobold (D:1)
  4 rats (D:1)
24 creatures vanquished.

Notes
Turn   | Place    | Note
-------+----------+-------------------------------------------
     0 | D:1      | qw the Gargoyle Hunter began the quest for the Orb.
     0 | D:1      | Reached XP level 1. HP: 12/12 MP: 1/1
     0 | D:1      | 0 ||| qw: Version: 0.3-a-76-g4403597
     0 | D:1      | 0 ||| qw: Game counter: 318
     0 | D:1      | 0 ||| qw: Melee chars always use a shield: true
     0 | D:1      | 0 ||| qw: God list: Okawaru
     0 | D:1      | 0 ||| qw: Allow faded altars: false
     0 | D:1      | 0 ||| qw: Do Orc after clearing Dungeon:15 true
     0 | D:1      | 0 ||| qw: Do second Lair branch before Depths: true
     0 | D:1      | 0 ||| qw: Lair rune preference: random
     0 | D:1      | 0 ||| qw: Goals: Normal
     0 | D:1      | 0 ||| PLANNING D:1-11
    14 | D:1      | Found a faded altar of an unknown god.
    99 | D:1      | Reached XP level 2. HP: 17/17 MP: 2/2
   425 | D:1      | Reached XP level 3. HP: 21/21 MP: 3/3
   470 | D:1      | 470 ||| UPGRADING to +6 ring of dexterity.
   471 | D:1      | 471 ||| READING scroll labelled UFISSENUYMM.
   472 | D:1      | 472 ||| READING scroll labelled DEUDWI IXUNTA.
   473 | D:1      | 473 ||| READING scroll labelled BAOVUQA HUOREU.
   474 | D:1      | 474 ||| DROPPING scroll of butterflies.
   510 | D:2      | Reached skill level 5 in Ranged Weapons
   510 | D:2      | 510 ||| STAIRDANCE
   644 | D:2      | Noticed Sigmund
   660 | D:2      | Slain by Sigmund

Levels and vault maps discovered:
D:1:      minmay_arrival_checkered_box, layout_rooms,
          hellmonk_ecumenical_altar_pennies_from_heaven
D:2:      layout_rooms, minmay_cut_off, uniq_sigmund

Skill      XL: |  1  2  3 |
---------------+----------+-----
Ranged Weapons | 5 |  5.0
Fighting       | |  2.5
Dodging        | |  1.5
Stealth        | |  1.1

Action                     || total
---------------------------++-------
   Fire: Shortbow          ||    94
    Use: Scroll            ||     3
 Armour: Leather armour    ||    34
  Dodge: Dodged            ||    30

Table legend:
 A = Non-vault XP
 B = Vault XP
 C = Vault XP percentage of total XP
 D = Non-vault monster count
 E = Vault monster count
 F = Vault count percentage of total count
                 A         B        C        D         E       F
            +---------+---------+-------+---------+---------+-------
      Total |      61 |       0 |   0.0 |      24 |       0 |   0.0
            +---------+---------+-------+---------+---------+-------
        D:1 |      34 |       0 |   0.0 |      21 |       0 |   0.0
        D:2 |      27 |       0 |   0.0 |       3 |       0 |   0.0
            +---------+---------+-------+---------+---------+-------
